[Event "Team 45 45 League T52"]
[Site "Internet Chess Club"]
[Date "2012.02.17"]
[Round "1"]
[White "badmove"]
[Black "spongenotbob"]
[Result "1/2-1/2"]
[WhiteElo "1698"]
[BlackElo "1606"]
[Opening "Caro-Kann: classical variation"]
[ECO "B18"]
[Time "15:49:11"]
[TimeControl "2700+45"]

1. e4 c6 2. d4 d5 3. Nc3 dxe4 4. Nxe4 Bf5 5. Ng3 Bg6 6. Bc4 e6 7. N1e2 h6 8. O-O
Nf6 9. f4 c5 10. f5 exf5 11. Nxf5 Bxf5 12. Rxf5 Be7 13. c3 O-O 14. Qe1 Qd7 15.
Rf3 cxd4 16. Nxd4 Bc5 17. Kh1 Bxd4 18. cxd4 Qxd4 19. Bb3 Nc6 20. Be3 Qe4 21.
Bxh6 Qxe1+ 22. Rxe1 Rfe8 23. Ref1 Ne5 24. Rf5 Neg4 25. Bg5 Ne3 26. Bxe3 Rxe3 27.
Kg1 Rd8 28. h3 Rd2 29. R1f2 Ree2 30. Kf1 Rxf2+ 31. Rxf2 Rxf2+ 32. Kxf2 g5 33.
Ke3 Kg7 34. Kd4 Nh5 35. Ke5 Nf4 36. Bd5 Nxd5 37. Kxd5 Kf6 38. g4 Ke7 39. b4 f6
40. b5 Kd7 41. a4 b6 42. Ke4 Ke6 43. Kd4 Kd6 44. Ke4 Ke6 {Game drawn by mutual
agreement} 1/2-1/2

[Event "Team 45 45 League T52"]
[Site "Internet Chess Club"]
[Date "2012.02.19"]
[Round "1"]
[White "tworivers"]
[Black "houseofcook"]
[Result "0-1"]
[WhiteElo "1484"]
[BlackElo "1540"]
[Opening "Queen's pawn game"]
[ECO "A46"]
[Time "14:00:37"]
[TimeControl "2700+45"]

1. d4 Nf6 2. Nf3 e6 3. Bf4 c5 4. c3 b6 5. e3 Bb7 6. h3 Be7 7. Nbd2 cxd4 8. exd4
d6 9. Bb5+ Bc6 10. Bxc6+ Nxc6 11. O-O O-O 12. Re1 Re8 13. Qa4 Qc8 14. b4 Nd5 15.
Bh2 Nxc3 16. Qb3 Nd5 17. a3 Qb7 18. Nc4 Rac8 19. Bxd6 Bf6 20. Be5 Be7 21. Bd6 b5
22. Bxe7 bxc4 23. Qxc4 Ncxe7 24. Qb3 Rc3 25. Qa4 Rec8 26. Nd2 Qb6 27. Nb3 h6 28.
Nc5 Qc7 29. Qd1 Nf5 30. Qg4 Qf4 31. Qe2 Qg5 32. Nxe6 fxe6 33. Qxe6+ Kh7 34. Qxd5
Rxh3 35. Kf1 Ng3+ 36. fxg3 Qxd5 37. gxh3 Qxd4 38. Rad1 Qf6+ 39. Kg1 Rc2 40. Rf1
Qb6+ 41. Kh1 Qc6+ 42. Kg1 Qg2# {White checkmated} 0-1

[Event "Team 45 45 League T52"]
[Site "Internet Chess Club"]
[Date "2012.02.17"]
[Round "1"]
[White "MateIn42"]
[Black "medsurg"]
[Result "0-1"]
[WhiteElo "1335"]
[BlackElo "1342"]
[Opening "Two knights defense (Modern bishop's opening)"]
[ECO "C55"]
[Time "21:01:12"]
[TimeControl "2700+45"]

1. e4 e5 2. Nf3 Nc6 3. Bc4 Nf6 4. d3 d6 5. Nc3 h6 6. h3 Bd7 7. O-O Na5 8. Be3
Nxc4 9. dxc4 Bc6 10. Qd3 Be7 11. Nd5 a6 12. Nxf6+ Bxf6 13. Rad1 Qe7 14. Rfe1 Rd8
15. b3 O-O 16. Bc1 Rd7 17. Bb2 Qd8 18. Rd2 b6 19. Red1 Re8 20. Ne1 Bg5 21. Re2
Re6 22. Nf3 Bf6 23. Red2 Qa8 24. Re1 Qd8 25. Red1 Bg5 26. Nxg5 Qxg5 27. f3 Qg3
28. Qe2 Rde7 29. Qf2 Qg6 30. Kh2 Rf6 31. Qg3 Qh5 32. Re1 Ree6 33. Ree2 Rf4 34.
Qf2 Ref6 35. Re3 Bxe4 36. g4 Qg6 37. Rxe4 Rxe4 38. fxe4 Rxf2+ 39. Rxf2 Qxe4 40.
Bc1 Qe1 {White resigns} 0-1

[Event "Team 45 45 League T52"]
[Site "Internet Chess Club"]
[Date "2012.02.20"]
[Round "1"]
[White "mattphelps"]
[Black "bhandelman"]
[Result "1-0"]
[WhiteElo "1437"]
[BlackElo "1201"]
[Opening "Scotch game"]
[ECO "C45"]
[Time "21:01:38"]
[TimeControl "2700+45"]

1. e4 e5 2. Nf3 Nc6 3. d4 exd4 4. Nxd4 Nxd4 5. Qxd4 c5 6. Qe5+ Qe7 7. Qf4 d6 8.
Nc3 Nf6 9. Bc4 Be6 10. Bxe6 fxe6 11. O-O d5 12. exd5 exd5 13. Bd2 O-O-O 14. Nb5
b6 15. Rfe1 Qd7 16. Re6 Qxe6 17. Qc7# {Black checkmated} 1-0

[Event "Team 45 45 League T52"]
[Site "Internet Chess Club"]
[Date "2012.02.20"]
[Round "1"]
[White "zap2"]
[Black "badmove"]
[Result "1/2-1/2"]
[WhiteElo "1766"]
[BlackElo "1720"]
[Opening "Réti: King's Indian attack"]
[ECO "A08"]
[Time "05:19:30"]
[TimeControl "2700+45"]

1. Nf3 d5 2. g3 c5 3. Bg2 Nc6 4. d3 e5 5. Nbd2 Nf6 6. O-O Be7 7. e4 d4 8. Nc4
Nd7 9. a4 h6 10. Qe2 Qc7 11. a5 Nf6 12. Nh4 Bg4 13. f3 Be6 14. b3 Nd7 15. Nf5
Bxf5 16. exf5 O-O-O 17. f4 f6 18. Qe4 Nb4 19. Bd2 Qc6 20. Bxb4 Qxe4 21. Bxe4
cxb4 22. a6 b6 23. fxe5 Nxe5 24. Nxb6+ axb6 25. a7 Kd7 26. a8=Q Rxa8 27. Bxa8
Rc8 28. Rf4 Bc5 29. Bd5 Ke7 30. Ra7+ Kf8 31. Rb7 Rd8 32. Be6 Bd6 33. Re4 Bc5 34.
Kf2 Re8 35. h3 Re7 36. Rb8+ Re8 37. Rb7 Re7 38. Bd5 Rxb7 39. Bxb7 Bd6 40. Rxd4
Bc5 41. Ke3 Nf7 42. Ke4 Nd6+ 43. Rxd6 Bxd6 44. g4 Ke7 45. Kd5 Kd7 46. Bc6+ Ke7
47. Kc4 Kd8 48. Kd5 Ke7 49. Bb5 Bf4 50. Kc6 Be3 51. Bc4 Bd4 52. Be6 Be3 53. Kb5
Bc5 54. d4 Bxd4 55. Kxb4 Kd6 56. c3 Bc5+ 57. Kc4 Ke5 58. b4 Bf2 59. Kb5 Kf4 60.
c4 Kg3 61. c5 Bxc5 62. bxc5 bxc5 63. Kxc5 Kxh3 64. Kd6 Kxg4 65. Ke7 h5 66. Kf7
h4 67. Kxg7 Kg5 68. Kf7 h3 69. Ke7 h2 70. Bd5 {Game drawn by mutual agreement}
1/2-1/2

[Event "Team 45 45 League T52"]
[Site "Internet Chess Club"]
[Date "2012.02.18"]
[Round "1"]
[White "BrandonBee"]
[Black "Nathan-L"]
[Result "1-0"]
[WhiteElo "1574"]
[BlackElo "1591"]
[Opening "French: Steinitz variation"]
[ECO "C11"]
[Time "11:00:36"]
[TimeControl "2700+45"]

1. e4 e6 2. d4 d5 3. Nc3 Nf6 4. e5 Nfd7 5. f4 c5 6. Nf3 Qb6 7. Na4 Qa5+ 8. c3
Nc6 9. Be3 cxd4 10. b4 Qc7 11. Nxd4 Be7 12. Bd3 a6 13. Qg4 O-O 14. h4 b5 15.
Nxc6 Qxc6 16. Nc5 Nxc5 17. bxc5 Bxc5 18. Bd2 d4 19. cxd4 Bxd4 20. Rc1 Qd5 21.
Rh3 f5 22. Qg5 Qxa2 23. Rc7 g6 24. Qe7 Bf2+ 25. Ke2 Qxd2+ 26. Kxd2 Be1+ 27. Kxe1
Bd7 28. Rxd7 Rf7 29. Qxf7+ Kh8 30. Qxh7# {Black checkmated} 1-0

[Event "Team 45 45 League T52"]
[Site "Internet Chess Club"]
[Date "2012.02.18"]
[Round "1"]
[White "mongmong"]
[Black "Helaman"]
[Result "0-1"]
[WhiteElo "1595"]
[BlackElo "1556"]
[Opening "Colle system"]
[ECO "D05"]
[Time "18:04:38"]
[TimeControl "2700+45"]

1. d4 d5 2. Nf3 Nf6 3. e3 e6 4. Bd3 c5 5. c3 Nc6 6. Nbd2 Bd6 7. Qe2 O-O 8. O-O
e5 9. dxc5 Bxc5 10. e4 Re8 11. exd5 Nxd5 12. Nb3 Bd6 13. Bxh7+ Kxh7 14. Qe4+ Kg8
15. Qxd5 e4 16. Bg5 Bxh2+ 17. Kxh2 Qxd5 18. Rfd1 Qf5 {White resigns} 0-1

[Event "Team 45 45 League T52"]
[Site "Internet Chess Club"]
[Date "2012.02.18"]
[Round "1"]
[White "houseofcook"]
[Black "seattleblues"]
[Result "1/2-1/2"]
[WhiteElo "1525"]
[BlackElo "1497"]
[Opening "French: Tarrasch, open, 4.ed ed"]
[ECO "C08"]
[Time "06:00:22"]
[TimeControl "2700+45"]

1. e4 e6 2. d4 d5 3. Nd2 c5 4. exd5 exd5 5. Ngf3 Nf6 6. Bb5+ Bd7 7. Qe2+ Qe7 8.
Bxd7+ Nbxd7 9. Qxe7+ Bxe7 10. O-O O-O 11. dxc5 Bxc5 12. Nb3 Bb6 13. Re1 Ne4 14.
Be3 Bxe3 15. Rxe3 Nb6 16. Nfd2 Nxd2 17. Nxd2 Rfe8 18. Rae1 Kf8 19. Rxe8+ Rxe8
20. Rxe8+ Kxe8 21. Nf3 Ke7 22. b3 Kf6 23. Kf1 Kf5 24. Ke2 f6 25. Kd3 Ke6 26. Kd4
Nd7 27. h3 Ne5 28. Nd2 Kd6 29. c3 Nc6+ 30. Kd3 Kc5 31. b4+ Kd6 32. Nb3 Ne5+ 33.
Kd4 Nc6+ 34. Kd3 Ne5+ {Game drawn by mutual agreement} 1/2-1/2

[Event "Team 45 45 League T52"]
[Site "Internet Chess Club"]
[Date "2012.02.21"]
[Round "1"]
[White "mitus"]
[Black "Dracoac"]
[Result "1-0"]
[WhiteElo "1816"]
[BlackElo "1790"]
[Opening "Caro-Kann: classical variation"]
[ECO "B18"]
[Time "16:34:21"]
[TimeControl "2700+45"]

1. e4 c6 2. d4 d5 3. Nc3 dxe4 4. Nxe4 Bf5 5. Ng3 Bg6 6. Nf3 Nd7 7. Bd3 Bxd3 8.
Qxd3 Ngf6 9. O-O e6 10. Bf4 Be7 11. Ne4 Nxe4 12. Qxe4 O-O 13. Rfd1 Nf6 14. Qe5
Rc8 15. c4 Qb6 16. h4 Rfd8 17. c5 Qxb2 18. Rdb1 Qc2 19. Rxb7 Ng4 20. Qe1 Bf6 21.
Be5 Bxe5 22. Nxe5 Nxe5 23. Qxe5 h6 24. Qf4 Qg6 25. Rab1 Rd5 26. R1b2 Rf5 27. Qe4
Qf6 28. Rb8 Qd8 29. Rxc8 Qxc8 30. g4 Rd5 31. Qf4 Rd8 32. g5 hxg5 33. hxg5 Qd7
34. Rd2 Qb7 35. Kg2 Qd7 36. Rd3 Qd5+ 37. Rf3 Rd7 38. g6 fxg6 39. Qf8+ Kh7 40.
Kh2 g5 41. Rh3+ Kg6 42. Rf3 g4 43. Qe8+ Kh7 44. Rf8 g5 45. Qh5+ Kg7 46. Qh8+ Kg6
47. Rf6# {Black checkmated} 1-0

[Event "Team 45 45 League T52"]
[Site "Internet Chess Club"]
[Date "2012.02.15"]
[Round "1"]
[White "beitmery"]
[Black "ElMarginal"]
[Result "1-0"]
[WhiteElo "1733"]
[BlackElo "1492"]
[Opening "QGD: 4.Nf3"]
[ECO "D37"]
[Time "16:36:50"]
[TimeControl "2700+45"]

1. d4 Nf6 2. c4 d5 3. Nf3 e6 4. Nc3 Be7 5. Bg5 Nbd7 6. e3 Nb6 7. cxd5 Nbxd5 8.
Bd3 O-O 9. e4 Nxc3 10. bxc3 c6 11. Qc2 h6 12. Bd2 b5 13. O-O a5 14. Rfe1 Kh8 15.
Qc1 Nh7 16. e5 f5 17. exf6 Bxf6 18. Ne5 Bxe5 19. Rxe5 Qf6 20. f3 Bd7 21. Qc2 Ng5
22. f4 Nf7 23. Re2 Nd6 24. Rf1 Nf5 25. g4 Nd6 26. g5 hxg5 27. Rg2 g4 28. Rxg4
Nf5 29. Rg5 Rac8 30. Bxf5 exf5 31. Rf3 c5 32. Be3 c4 33. d5 Kg8 34. Bd4 Qxg5+
35. fxg5 g6 36. Rh3 Kf7 37. Rh7+ Ke8 38. Qe2+ Kd8 39. Qe7+ Kc7 40. Qxd7+ {Black
resigns} 1-0

[Event "Team 45 45 League T52"]
[Site "Internet Chess Club"]
[Date "2012.02.18"]
[Round "1"]
[White "tryanything"]
[Black "moomaster"]
[Result "0-1"]
[WhiteElo "1590"]
[BlackElo "1629"]
[Opening "QGD Slav: 5.e3 (Alekhine variation)"]
[ECO "D15"]
[Time "18:16:56"]
[TimeControl "2700+45"]

1. d4 d5 2. Nf3 Nf6 3. c4 c6 4. Nc3 dxc4 5. e3 b5 6. a4 b4 7. Na2 a5 8. Bxc4 e6
9. O-O Be7 10. Bd2 Bb7 11. Nc1 O-O 12. Nd3 Nbd7 13. b3 c5 14. dxc5 Nxc5 15. Nxc5
Bxc5 16. Bc1 Ne4 17. Bb2 Qxd1 18. Raxd1 Rfd8 19. Bd4 Bxd4 20. Rxd4 Nc3 21. Rxd8+
Rxd8 22. Nd4 Kf8 23. Nb5 Bd5 24. Nxc3 bxc3 25. Rc1 Bxc4 26. bxc4 c2 {White
resigns} 0-1

[Event "Team 45 45 League T52"]
[Site "Internet Chess Club"]
[Date "2012.02.16"]
[Round "1"]
[White "Bryant-L"]
[Black "PostMike"]
[Result "0-1"]
[WhiteElo "1399"]
[BlackElo "1432"]
[Opening "Nimzo-Indian defense"]
[ECO "E20"]
[Time "14:00:08"]
[TimeControl "2700+45"]

1. d4 Nf6 2. c4 e6 3. Nc3 Bb4 4. Bd2 b6 5. a3 Bxc3 6. Bxc3 Bb7 7. Nf3 O-O 8. g3
Ne4 9. Rc1 Ng5 10. Bg2 Nxf3+ 11. exf3 d6 12. d5 exd5 13. cxd5 Re8+ 14. Kf1 Nd7
15. Qd4 f6 16. Bh3 Nc5 17. Qh4 Bxd5 18. Bf5 h6 19. Bg6 Bxf3 20. Bxe8 Bxh1 21.
Re1 Bd5 22. Qg4 Bf7 23. Bxf7+ Kxf7 24. Qh5+ Kf8 25. b4 Nd7 26. Bd2 Ne5 27. Bc3
Qe8 28. Qf5 Qg6 29. Qxg6 Nxg6 30. Rc1 c5 31. Rd1 Ke7 32. Ke2 Rd8 33. Ke3 d5 34.
bxc5 bxc5 35. Ba5 Rd7 36. Kd3 Ne5+ 37. Kc2 Nc4 38. Re1+ Kd6 39. Bd2 Nxa3+ 40.
Kb3 Nc4 41. Bf4+ Kc6 42. Re6+ Kb5 43. Re8 Na5+ 44. Kc3 d4+ 45. Kc2 Kc4 46. Bd2
Nb3 47. Kd1 Nxd2 48. Kxd2 Kd5 49. Rb8 Kc6 50. Kd3 Rb7 51. Re8 Kb6 52. Re6+ Kb5
53. Re1 a5 54. Rb1+ Ka6 55. Ra1 Rb4 56. Re1 Kb5 57. Re7 Rb3+ 58. Kc2 Kc4 59. Ra7
d3+ 60. Kc1 Ra3 61. Kb2 Ra4 62. Rxg7 d2 63. Kc2 Ra2+ 64. Kd1 Kc3 65. Rd7 Ra1+
66. Ke2 d1=Q+ 67. Rxd1 Rxd1 68. Kxd1 Kb2 69. f4 c4 70. h4 c3 71. g4 c2+ 72. Ke2
c1=Q 73. g5 Qxf4 74. g6 a4 75. g7 Qc4+ 76. Ke3 a3 77. h5 a2 78. g8=Q Qxg8 79.
Ke4 a1=Q 80. Kd4 Qe1 81. Kd3 Qd8+ 82. Kc4 Qe2+ 83. Kb4 Qd4+ 84. Ka5 Qc5+ 85. Ka4
Qeb5# {White checkmated} 0-1

[Event "Team 45 45 League T52"]
[Site "Internet Chess Club"]
[Date "2012.02.25"]
[Round "1"]
[White "alexping"]
[Black "viking99"]
[Result "1/2-1/2"]
[WhiteElo "1911"]
[BlackElo "1841"]
[Opening "Grünfeld: exchange, Spassky variation"]
[ECO "D88"]
[Time "12:00:57"]
[TimeControl "2700+45"]

1. d4 Nf6 2. c4 g6 3. Nc3 d5 4. cxd5 Nxd5 5. e4 Nxc3 6. bxc3 Bg7 7. Bc4 c5 8.
Ne2 O-O 9. O-O Nc6 10. Be3 Bg4 11. f3 cxd4 12. cxd4 Na5 13. Bxf7+ Rxf7 14. fxg4
Rxf1+ 15. Qxf1 Nc4 16. Qf3 Qb6 17. Rc1 Rf8 18. Qg3 Nxe3 19. Qxe3 e5 20. Qd3 exd4
21. Kh1 Be5 22. Ng1 Qb2 23. Qc4+ Kg7 24. Rc2 Qb1 25. Qc5 Re8 26. Rf2 Qxe4 27.
Re2 Qf4 28. Nf3 d3 29. Rxe5 Rxe5 30. Qc7+ Kf8 31. Qd6+ Kg7 32. Qc7+ Kf8 33. Qb8+
Kg7 34. Qxb7+ Kg8 35. Qb8+ Kg7 36. Qxa7+ Kg8 37. Qb8+ Kg7 38. Qc7+ Kf8 39. Qd6+
Ke8 40. Qxd3 Qc1+ 41. Ng1 Re1 42. Qb5+ Ke7 43. Qb6 Qe3 44. Qxe3+ Rxe3 45. Nf3
Ra3 46. g5 Rxa2 47. h3 Ke6 48. Kh2 Kf5 49. Kg3 Ra3 50. Kf2 Kf4 51. g3+ Kf5 52.
Ke2 Ra2+ 53. Ke3 Ra3+ 54. Ke2 Ra2+ 55. Ke3 Ra3+ {Game drawn by mutual agreement}
1/2-1/2

[Event "Team 45 45 League T52"]
[Site "Internet Chess Club"]
[Date "2012.02.18"]
[Round "1"]
[White "sounix"]
[Black "misuc56"]
[Result "1-0"]
[WhiteElo "1851"]
[BlackElo "1833"]
[Opening "Sicilian"]
[ECO "B54"]
[Time "15:01:05"]
[TimeControl "2700+45"]

1. e4 c5 2. Nf3 d6 3. d4 cxd4 4. Nxd4 Nc6 5. c4 g6 6. Nc3 Bg7 7. Be3 Bd7 8. Be2
Rb8 9. O-O h5 10. Qd2 a6 11. a4 Nf6 12. f3 Ne5 13. a5 h4 14. Nd5 Nxd5 15. cxd5
f6 16. Ne6 Bxe6 17. dxe6 Qc8 18. Qd5 g5 19. Rac1 Nc6 20. Bb6 O-O 21. Bxa6 bxa6
22. Rxc6 Qe8 23. b4 Qg6 24. Rc7 f5 25. Rxe7 fxe4 26. Rxg7+ Kxg7 27. e7 Rfe8 28.
f4 gxf4 29. Rxf4 Rxb6 30. axb6 e3 31. Qd4+ Kg8 32. Qxe3 h3 33. Qxh3 Qb1+ 34. Rf1
Qa2 35. Qg4+ Kh7 36. Qh5+ {Black resigns} 1-0

[Event "Team 45 45 League T52"]
[Site "Internet Chess Club"]
[Date "2012.02.18"]
[Round "1"]
[White "MontanaSky"]
[Black "Innes"]
[Result "1-0"]
[WhiteElo "1744"]
[BlackElo "1657"]
[Opening "Ruy Lopez: Schliemann defense, Berger variation"]
[ECO "C63"]
[Time "18:17:58"]
[TimeControl "2700+45"]

1. e4 e5 2. Nf3 Nc6 3. Bb5 f5 4. Nc3 Nf6 5. d3 d6 6. O-O h6 7. Re1 Bd7 8. Nh4
Ne7 9. Bc4 g5 10. Nxf5 Bxf5 11. exf5 Qd7 12. Ne4 Qxf5 13. Nxf6+ Qxf6 14. Qh5+
Ng6 15. Be3 O-O-O 16. Qg4+ Kb8 17. Bb3 d5 18. d4 e4 19. c4 Nf4 20. cxd5 Bd6 21.
Bxf4 gxf4 22. Rxe4 Rhg8 23. Qf3 Rg7 24. Rae1 a6 25. Bc4 Ka7 26. Kh1 Rdg8 27. Rg1
Qf5 28. Re6 h5 29. Bd3 Qf7 30. Rh6 Rg5 31. Be2 Qg7 32. Rxh5 Rxh5 33. Qxh5 f3 34.
Qxf3 Bxh2 35. g3 Bxg1 36. Kxg1 Qxd4 37. b3 Qa1+ 38. Kg2 Rh8 39. Bf1 Qxa2 40.
Qe3+ Kb8 41. Qd4 Rf8 42. d6 Qxb3 43. dxc7+ Kc8 44. Qg4+ Kxc7 45. Bc4 Qb4 46.
Qg7+ Kb8 47. Bd5 Rc8 48. Qe5+ Ka8 49. Qe6 Qc5 50. g4 Rf8 51. Qxa6+ Kb8 52. Qxb7#
{Black checkmated} 1-0

[Event "Team 45 45 League T52"]
[Site "Internet Chess Club"]
[Date "2012.02.19"]
[Round "1"]
[White "WillC"]
[Black "rubo"]
[Result "1-0"]
[WhiteElo "1850"]
[BlackElo "1615"]
[Opening "King's Indian: London system"]
[ECO "A48"]
[Time "14:01:55"]
[TimeControl "2700+45"]

1. d4 Nf6 2. Nf3 g6 3. Bf4 Bg7 4. e3 O-O 5. Be2 c5 6. O-O Qb6 7. b3 cxd4 8. exd4
d5 9. Nbd2 Nc6 10. c3 Bg4 11. Ne5 Bxe2 12. Qxe2 e6 13. h3 Rac8 14. Rfc1 Rfe8 15.
Qf3 Re7 16. Bg5 Nxe5 17. dxe5 Ne4 18. Bxe7 Nxd2 19. Qf4 Ne4 20. Bf6 Bf8 21. c4
Nxf6 22. exf6 d4 23. Rd1 Rd8 24. Rd3 Qc5 25. Rad1 e5 26. Qe4 Rd7 27. f4 exf4 28.
Qxf4 Bd6 29. Qg4 Rd8 30. Kh1 Qe5 31. g3 Bc5 32. Qf4 Qe6 33. Kg2 Qc6+ 34. Kh2 h5
35. Rf1 Kh7 36. Re1 Bd6 37. Qe4 Bb4 38. Qxc6 bxc6 39. Re4 c5 40. Re7 g5 41.
Rxf7+ Kg6 42. Rxa7 Kxf6 43. a3 Bc3 44. Rc7 Rb8 45. Rxc5 Rxb3 46. a4 Rb2+ 47. Kg1
Ra2 48. Rf3+ Kg6 49. Rc6+ Kg7 50. Ra6 Ra1+ 51. Kg2 Bd2 52. Rd3 Ra2 53. Kf3 Be3
54. c5 Rc2 55. c6 Rf2+ 56. Ke4 Rc2 57. Ra7+ Kf6 58. c7 Ke6 59. Rxe3 dxe3 60.
Kxe3 Kd7 61. Ra5 Rc3+ 62. Ke4 Rxg3 63. Rc5 Kc8 64. Kf5 g4 65. hxg4 Rxg4 66. a5
Ra4 67. Ke6 h4 68. Kd6 h3 69. Rh5 Rc4 70. Rh8+ Kb7 71. Rb8+ Ka7 72. c8=Q {Black
resigns} 1-0

[Event "Team 45 45 League T52"]
[Site "Internet Chess Club"]
[Date "2012.02.20"]
[Round "1"]
[White "Tamarin"]
[Black "pishd"]
[Result "1/2-1/2"]
[WhiteElo "1880"]
[BlackElo "1731"]
[Opening "QGD: Charousek (Petrosian) variation"]
[ECO "D31"]
[Time "04:02:55"]
[TimeControl "2700+45"]

1. d4 d5 2. c4 e6 3. Nc3 Be7 4. Nf3 Nf6 5. e3 O-O 6. Bd3 c6 7. Qc2 Nbd7 8. O-O
Re8 9. Re1 a6 10. a4 b6 11. cxd5 cxd5 12. b3 Bb7 13. Bb2 Bb4 14. Red1 Qe7 15.
Qe2 Rec8 16. Rac1 Ba3 17. Bxa3 Qxa3 18. Qa2 Qxa2 19. Nxa2 Rxc1 20. Rxc1 Rc8 21.
Rxc8+ Bxc8 22. b4 Nb8 23. Kf1 a5 24. b5 Nbd7 25. Nc3 Bb7 26. Ke2 Kf8 27. Nd2 Ke7
28. f3 e5 29. dxe5 Nxe5 30. Nb3 Nxd3 31. Kxd3 Kd6 32. Ne2 Nd7 33. f4 Nc5+ 34.
Nxc5 Kxc5 35. Kc3 Bc8 36. h3 h5 37. Nd4 g6 38. Nb3+ Kd6 39. Nd4 Bd7 40. Kb3 Kc5
41. Kc3 Bf5 42. Nxf5 gxf5 43. h4 Kd6 44. Kd4 Ke6 45. Kd3 Kd6 46. Kd4 Ke6 47. Kd3
Kd6 48. Kd4 Ke6 49. Kd3 Kd6 50. Kd4 {Game drawn by repetition} 1/2-1/2

[Event "Team 45 45 League T52"]
[Site "Internet Chess Club"]
[Date "2012.02.19"]
[Round "1"]
[White "timothysmall56"]
[Black "az2112"]
[Result "1-0"]
[WhiteElo "1513"]
[BlackElo "1647"]
[Opening "Sicilian: Alapin's variation (2.c3)"]
[ECO "B22"]
[Time "15:33:23"]
[TimeControl "2700+45"]

1. e4 c5 2. c3 d6 3. d4 Nf6 4. dxc5 Nxe4 5. Qa4+ Nc6 6. Qxe4 dxc5 7. Nf3 e6 8.
Bb5 Bd7 9. O-O Be7 10. Qg4 Bf6 11. Rd1 Qe7 12. Bf4 e5 13. Bxc6 bxc6 14. Rxd7
Qxd7 15. Qxd7+ Kxd7 16. Bxe5 Ke6 17. Bxf6 Kxf6 18. Nbd2 Rhe8 19. Re1 Rxe1+ 20.
Nxe1 Re8 21. Nef3 Kf5 22. Nb3 Re2 23. Nbd2 Re7 24. Kf1 Rb7 25. Nc4 Re7 26. Na5
Rc7 27. Nd2 Ke5 28. Ndb3 Kd5 29. c4+ Kd6 30. Nc1 Re7 31. Nd3 Re4 32. b3 Re7 33.
a3 f6 34. b4 cxb4 35. axb4 Re4 36. Nc5 Re8 37. f3 Kc7 38. Nab3 Kd6 39. Nd4 g6
40. Ne4+ {Black resigns} 1-0

[Event "Team 45 45 League T52"]
[Site "Internet Chess Club"]
[Date "2012.02.17"]
[Round "1"]
[White "Schack"]
[Black "Dracoac"]
[Result "0-1"]
[WhiteElo "1650"]
[BlackElo "1806"]
[Opening "Grünfeld: exchange variation"]
[ECO "D85"]
[Time "18:36:34"]
[TimeControl "2700+45"]

1. d4 Nf6 2. c4 g6 3. Nc3 d5 4. cxd5 Nxd5 5. e4 Nxc3 6. bxc3 Bg7 7. Bg5 c5 8.
Rc1 Qa5 9. Qd2 Nc6 10. d5 Ne5 11. Be2 Qa4 12. Nf3 Qxe4 13. O-O O-O 14. Rfe1 e6
15. Nxe5 Qxe5 16. Bf3 Qd6 17. dxe6 Qxd2 18. exf7+ Rxf7 19. Bxd2 Rf8 20. Bd5+ Kh8
21. Be3 Rf5 22. Bxc5 Bd7 23. c4 Rc8 24. Be3 b6 25. Bf3 Ra5 26. Re2 Rf5 27. Rd2
Be6 28. Bg4 Rf6 29. Bf3 Rxc4 30. Rxc4 Bxc4 31. Rc2 Ba6 32. Rc7 Rf8 33. Rxa7 Bc4
34. Ra8 Rxa8 35. Bxa8 b5 36. Bc6 b4 37. Bd2 Bf8 {White resigns} 0-1

[Event "Team 45 45 League T52"]
[Site "Internet Chess Club"]
[Date "2012.02.15"]
[Round "1"]
[White "AntMantis"]
[Black "BigH"]
[Result "0-1"]
[WhiteElo "2069"]
[BlackElo "2188"]
[Opening "Old Benoni defense"]
[ECO "A44"]
[Time "14:03:46"]
[TimeControl "2700+45"]

1. d4 c5 2. d5 e5 3. c4 d6 4. Nc3 Be7 5. e4 Bg5 6. Nf3 Bxc1 7. Rxc1 Nh6 8. Be2
O-O 9. O-O f5 10. exf5 Nxf5 11. Ne4 Nd7 12. b4 b6 13. bxc5 Nxc5 14. Nxc5 bxc5
15. Bd3 Nh4 16. Be4 Bg4 17. Rc3 Rf4 18. Qc2 Nxf3+ 19. Bxf3 Bf5 20. Qa4 Qg5 21.
Qc6 Rf8 22. g3 Bh3 23. Bg2 Bxg2 24. Kxg2 Qg6 25. f3 e4 26. Qd7 exf3+ 27. Kf2
R4f6 28. Re1 Qh6 29. Re4 Qd2+ 30. Kf1 Qg2+ 31. Ke1 f2+ 32. Kd1 f1=Q+ {White
resigns} 0-1

[Event "Team 45 45 League T52"]
[Site "Internet Chess Club"]
[Date "2012.02.15"]
[Round "1"]
[White "zap2"]
[Black "bshribharath"]
[Result "1-0"]
[WhiteElo "1768"]
[BlackElo "1780"]
[Opening "Réti: King's Indian attack"]
[ECO "A05"]
[Time "08:50:45"]
[TimeControl "2700+45"]

1. Nf3 Nf6 2. g3 g6 3. Bg2 Bg7 4. d3 d5 5. Nbd2 O-O 6. O-O b6 7. e4 dxe4 8. dxe4
Bb7 9. Qe2 Nfd7 10. e5 e6 11. Rd1 Qc8 12. Nf1 Nc6 13. Bf4 Nc5 14. h4 h5 15. c3
a5 16. N1h2 Rd8 17. Rxd8+ Qxd8 18. Rd1 Qe8 19. Nd4 Nxd4 20. cxd4 Bxg2 21. Kxg2
Nd7 22. Nf3 c6 23. Qe4 Rc8 24. Rc1 Nb8 25. Nd2 Qd7 26. Nc4 Qa7 27. Nd6 Rd8 28.
Qf3 b5 29. Be3 Qd7 30. Bg5 Rf8 31. Qe3 Kh7 32. Kh3 Kg8 33. Bh6 Kh7 34. Bxg7 Kxg7
35. Qc3 a4 36. Qa5 f5 37. f4 Rd8 38. Kg2 Rf8 39. Kf3 Kh6 40. Ke3 Rh8 41. Qb6 Kg7
42. b3 {Black resigns} 1-0

[Event "Team 45 45 League T52"]
[Site "Internet Chess Club"]
[Date "2012.02.19"]
[Round "1"]
[White "toukon"]
[Black "jantonio"]
[Result "1/2-1/2"]
[WhiteElo "1708"]
[BlackElo "1717"]
[Opening "King's Indian: 6.Be2"]
[ECO "E91"]
[Time "20:42:08"]
[TimeControl "2700+45"]

1. d4 Nf6 2. c4 g6 3. Nc3 Bg7 4. e4 d6 5. Nf3 O-O 6. Be2 c5 7. O-O cxd4 8. Nxd4
Nc6 9. Be3 Ne5 10. f3 a6 11. Rc1 Qc7 12. b3 Nc6 13. Nd5 Qd8 14. Qd2 Nxd5 15.
exd5 Nxd4 16. Bxd4 e5 17. dxe6 Bxe6 18. Rfd1 Be5 19. Qe3 Qf6 20. g3 Rad8 21. f4
Bxd4 22. Qxd4 Qxd4+ 23. Rxd4 Rd7 24. Rcd1 Rfd8 {Game drawn by mutual agreement}
1/2-1/2

[Event "Team 45 45 League T52"]
[Site "Internet Chess Club"]
[Date "2012.02.16"]
[Round "1"]
[White "gandre"]
[Black "FlyingTiger"]
[Result "1-0"]
[WhiteElo "1546"]
[BlackElo "1742"]
[Opening "King's Indian: London system"]
[ECO "A45"]
[Time "18:00:49"]
[TimeControl "2700+45"]

1. d4 Nf6 2. Bf4 g6 3. Nf3 Bg7 4. e3 d6 5. Be2 O-O 6. c4 c5 7. Nc3 Qb6 8. Qb3
Nbd7 9. h3 Qxb3 10. axb3 a6 11. O-O b6 12. Rfe1 Bb7 13. d5 Ne8 14. Bg5 Nef6 15.
Bd3 h6 16. Bf4 Ne8 17. e4 g5 18. Bh2 Bxc3 19. bxc3 f6 20. Nd2 Ne5 21. Be2 Nc7
22. Bh5 Kg7 23. f4 gxf4 24. Bxf4 b5 25. Re3 Rg8 26. Bxe5 fxe5 27. Rf1 Raf8 28.
Ref3 Rxf3 29. Rxf3 Rf8 30. Kf2 Rxf3+ 31. Kxf3 Kf6 32. Bg4 Kg5 33. Bd7 bxc4 34.
Nxc4 Nxd5 35. exd5 Bxd5+ 36. Kg3 Bxc4 37. bxc4 Kf6 38. Kf3 e6 39. h4 d5 40. cxd5
exd5 41. g4 d4 42. cxd4 cxd4 43. Ke4 a5 44. Ba4 Ke6 45. g5 hxg5 46. hxg5 d3 47.
Bb3+ Ke7 48. Kxe5 d2 49. Kf5 Kf8 50. Kg6 d1=Q 51. Bxd1 Kg8 52. Bb3+ Kh8 53. Kf7
a4 54. Bxa4 {Black resigns} 1-0

[Event "Team 45 45 League T52"]
[Site "Internet Chess Club"]
[Date "2012.02.17"]
[Round "1"]
[White "charles-allen"]
[Black "JustinSane"]
[Result "0-1"]
[WhiteElo "1884"]
[BlackElo "2127"]
[Opening "French: Tarrasch, open variation"]
[ECO "C07"]
[Time "19:58:57"]
[TimeControl "2700+45"]

1. e4 e6 2. d4 d5 3. Nd2 c5 4. c3 cxd4 5. cxd4 dxe4 6. Nxe4 Bb4+ 7. Nc3 Nc6 8.
Nf3 Nf6 9. Bb5 O-O 10. O-O Qb6 11. Qd3 Bd7 12. Na4 Qa5 13. a3 Bd6 14. Nc5 Bxc5
15. dxc5 Ne5 16. Nxe5 Bxb5 17. Nc4 Qa6 18. b3 Rfd8 19. Qc2 Bxc4 20. bxc4 Rd4 21.
Bb2 Rxc4 22. Qb3 Rxc5 23. Qg3 Rf5 24. Rad1 Qb5 25. Ba1 Rg5 26. Qc7 Nd5 27. Qd6
Qc6 28. Rxd5 Qxd5 {White resigns} 0-1